 Dungeon Crawl Stone Soup version 0.23.1-37-gaa34b87 (webtiles) character file.

Game seed: 9227148444050154454

10091 Fang the Fighter (level 11, -13/106 HPs)
             Began as a Gargoyle Berserker on Mar 21, 2019.
             Was a High Priest of Trog.
             Mangled by a very large slime creature (48 damage)
             ... on level 12 of the Dungeon.
             The game lasted 00:16:54 (8743 turns).

Fang the Fighter (Gargoyle Berserker)               Turns: 8743, Time: 00:16:54

Health: -13/106    AC: 25    Str: 33    XL:     11   Next: 56%
Magic:  3/3        EV: 16    Int:  8    God:    Trog [*****.]
Gold:   313        SH:  0    Dex:  9    Spells: 10/10 levels left

rFire    . . .     SeeInvis .   h - +2 battleaxe (antimagic)
rCold    . . .     Gourm    .   (shield currently unavailable)
rNeg     + . .     Faith    .   k - +3 plate armour
rPois    ∞         Spirit   .   (no helmet)
rElec    +         Reflect  .   (no cloak)
rCorr    .         Harm     .   (no gloves)
MR       .....                  (no boots)
Stlth    ..........             s - amulet of magic regeneration
HPRegen  0.27/turn              A - +5 ring of evasion
MPRegen  0.33/turn              g - +4 ring of strength

@: berserking, very quick
A: negative energy resistance 1, electricity resistance, unbreathing,
petrification resistance, rot immunity, AC +8
a: Berserk, Trog's Hand, Brothers in Arms, Renounce Religion


You were on level 12 of the Dungeon.
You worshipped Trog.
Trog was extremely pleased with you.
You were very hungry.

You visited 2 branches of the dungeon, and saw 13 of its levels.

You collected 610 gold pieces.
You spent 297 gold pieces at shops.

Inventory:

Hand Weapons
 b - a +6 war axe
 h - a +2 antimagic battleaxe (weapon)
 y - the +1 war axe of Fang's Evisceration {protect, -Tele rN++ Dex+3 Stlth+}
   (You bought it in a shop on level 9 of the Dungeon)

   It protects the one who uses it against injury (+AC on strike).
   It affects your dexterity (+3).
   It greatly protects you from negative energy.
   It prevents most forms of teleportation.
   It makes you more stealthy.
Armour
 k - a +3 plate armour (worn)
Jewellery
 g - a +4 ring of strength (right hand)
 p - an uncursed ring of stealth
 r - an uncursed ring of protection from fire
 s - an amulet of magic regeneration (around neck)
 t - a +1 ring of protection
 A - a +5 ring of evasion (left hand)
Wands
 a - a wand of disintegration (5)
 o - a wand of enslavement (10)
 u - a wand of clouds (8)
 v - a wand of random effects (35)
 x - a wand of polymorph (10)
Scrolls
 d - a scroll of holy word
 e - 3 scrolls of remove curse
 f - a scroll of fear
 m - 2 scrolls of blinking
 q - a scroll of magic mapping
 B - 2 scrolls of teleportation
 G - a scroll of fog
 H - a scroll of identify
Potions
 i - 5 potions of flight
 j - 5 potions of curing
 l - 2 potions of heal wounds
 n - a potion of resistance
 w - a potion of haste
 z - a potion of magic
 C - 4 potions of lignification
 E - a potion of agility
Comestibles
 c - 17 rations
 D - 12 chunks of flesh


   Skills:
 + Level 9.5 Fighting
 + Level 7.9 Axes
 + Level 9.2 Armour
 + Level 7.0 Dodging
 + Level 9.2 Stealth


You had 10 spell levels left.
You didn't know any spells.
Your spell library was empty.

Dungeon Overview and Level Annotations

Branches:
Dungeon (12/15)            Temple (1/1) D:7            Lair (0/6) D:10
    Orc (0/2) D:10

Altars:
Dithmenos
Elyvilon
Gozag
Hepliaklqana
Kikubaaqudgha
Nemelex Xobeh
Okawaru
Wu Jian

Shops:
D:9 (

Annotations:
D:9 exclusion: orange crystal statue


Innate Abilities, Weirdness & Mutations

You are resistant to torment.
Your stone body is resilient. (AC +8)
You are immune to poison.
You resist negative energy. (rN+)
You are resistant to electric shocks. (rElec)
You can survive without breathing.
You are immune to petrification.
You are immune to rotting.


Message History

You are too injured to fight recklessly!
You are too injured to fight recklessly!
You are too injured to fight recklessly!
You are too injured to fight recklessly!
You are too injured to fight recklessly!
You are too injured to fight recklessly!
You are too injured to fight recklessly!
You are too injured to fight recklessly!
You are too injured to fight recklessly!
A red film seems to cover your vision as you go berserk!
You feel yourself moving faster!
You feel mighty!
You are feeling very hungry.
The very large slime creature hits you but does no damage.
You slash the very large slime creature!
The very large slime creature is severely wounded.
The very large slime creature hits you but does no damage.
You hit the very large slime creature.
The very large slime creature is severely wounded.
The very large slime creature hits you!!!
You die...

# ...
.....###### ##
......J@..# #.
.....####.####
#. ... #....###
#. .
####...########.
###..........
##########. ##


You could see a very large slime creature.

Vanquished Creatures
  An ice dragon (D:11)
  Erica (D:11)
  A two-headed ogre (D:12)
  An ugly thing (D:9)
  Joseph (D:9)
  4 rime drakes (D:11)
  A polar bear (D:11)
  A troll (D:9)
  Sigmund (D:4)
  A hippogriff (D:7)
  A wyvern (D:10)
  A shadow (D:11)
  A hungry ghost (D:11)
  The ghost of bronco the Chopper, an amateur DsGl (D:3)
  Menkaure (D:6)
  An eye of draining (D:10)
  An orc warrior (D:8)
  5 sky beasts
  5 ice beasts
  4 centaurs
  3 phantoms
  7 ogres
  9 bullfrogs
  A water moccasin zombie (D:9)
  A wyvern zombie (D:6)
  A scorpion (D:10)
  3 howler monkeys
  3 crimson imps
  3 bullfrog zombies
  A centaur zombie (D:3)
  4 quasits
  5 orc priests
  2 bullfrog skeletons
  2 gnoll shamans
  A hound (D:5)
  5 jellies
  3 iguanas
  9 orc wizards
  8 worker ants
  A hound skeleton (D:4)
  A hound zombie (D:6)
  4 worker ant zombies
  2 howler monkey zombies
  8 gnolls
  9 adders
  5 shadow imps
  12 white imps (D:11)
  6 oozes
  4 adder skeletons
  2 adder zombies
  2 worms (D:2)
  3 dart slugs
  4 leopard geckos
  31 orcs
  7 giant cockroaches
  7 goblins
  4 hobgoblins
  11 jackals
  6 quokkas
  A ball python (D:7)
  A ball python skeleton (D:3)
  6 bats
  4 frilled lizards
  A jackal skeleton (D:3)
  5 kobolds
  3 leopard gecko skeletons
  2 quokka zombies
  6 rats
263 creatures vanquished.

Vanquished Creatures (others)
  An orc wizard (D:11)
1 creature vanquished.

Grand Total: 264 creatures vanquished

Notes
Turn   | Place    | Note
-------+----------+-------------------------------------------
     0 | D:1      | Fang the Gargoyle Berserker began the quest for the Orb.
     0 | D:1      | Reached XP level 1. HP: 14/14 MP: 1/1
    62 | D:1      | Reached XP level 2. HP: 17/19 MP: 2/2
   465 | D:2      | Reached XP level 3. HP: 10/23 MP: 3/3
   475 | D:2      | Reached ** piety under Trog
   719 | D:2      | Reached XP level 4. HP: 26/29 MP: 4/4
  1221 | D:3      | Reached XP level 5. HP: 23/33 MP: 5/5
  1634 | D:3      | Found a large runed translucent door.
  1634 | D:3      | Found a large runed translucent door.
  1638 | D:3      | Noticed bronco's ghost (amateur DsGl)
  1767 | D:3      | Found a faded altar of an unknown god.
  2060 | D:3      | Killed bronco's ghost
  2060 | D:3      | Reached *** piety under Trog
  2060 | D:3      | Reached skill level 1 in Stealth
  2060 | D:3      | Reached XP level 6. HP: 39/39 MP: 6/6
  2123 | D:4      | Found a shadowy altar of Dithmenos.
  2134 | D:4      | Reached XP level 7. HP: 44/44 MP: 7/7
  2217 | D:4      | Reached skill level 5 in Fighting
  2387 | D:4      | Noticed Sigmund
  2404 | D:4      | Killed Sigmund
  2872 | D:4      | You fall through a shaft for 2 floors!
  2898 | D:6      | Reached skill level 5 in Armour
  2898 | D:6      | Reached XP level 8. HP: 45/50 MP: 8/8
  3295 | D:6      | Noticed Menkaure
  3303 | D:6      | Killed Menkaure
  3303 | D:6      | Reached skill level 5 in Axes
  3314 | D:6      | Reached **** piety under Trog
  3658 | D:5      | Entered Level 5 of the Dungeon
  3776 | D:5      | Reached skill level 5 in Stealth
  3908 | D:5      | Reached XP level 9. HP: 54/56 MP: 9/9
  4677 | D:7      | Reached skill level 5 in Dodging
  4844 | D:7      | Found a staircase to the Ecumenical Temple.
  4862 | Temple   | Entered the Ecumenical Temple
  4968 | D:7      | Found an ornate altar of the Wu Jian Council.
  4968 | D:7      | Found an iron altar of Okawaru.
  4971 | D:7      | Found a white marble altar of Elyvilon.
  4995 | D:8      | Found a sparkling altar of Nemelex Xobeh.
  5137 | D:8      | Received a gift from Trog
  5141 | D:8      | Reached ***** piety under Trog
  5374 | D:8      | Found a hazy altar of Hepliaklqana.
  5456 | D:7      | Reached XP level 10. HP: 62/63 MP: 10/10
  5854 | D:9      | Found Waotuof's Antique Weapon Boutique.
  5887 | D:9      | Bought a slimy war axe for 297 gold pieces
  5887 | D:9      | Identified the cursed +1 war axe of Fang's Evisceration
                  | {protect, -Tele rN++ Dex+3 Stlth+} (You bought it in a shop
                  | on level 9 of the Dungeon)
  6049 | D:9      | Received a gift from Trog
  6099 | D:9      | Noticed an orange crystal statue
  6225 | D:9      | Found an opulent altar of Gozag.
  6247 | D:9      | Found an ancient bone altar of Kikubaaqudgha.
  6527 | D:9      | Noticed a purple ugly thing
  6544 | D:9      | Killed a purple ugly thing
  6654 | D:9      | Noticed Joseph
  6669 | D:9      | Killed Joseph
  6948 | D:10     | Entered Level 10 of the Dungeon
  7462 | D:10     | Found a staircase to the Orcish Mines.
  7485 | D:10     | Found a staircase to the Lair.
  7848 | D:11     | Found a frozen archway.
  7859 | D:11     | Noticed Erica
  7877 | D:11     | Noticed an ice dragon
  7878 | D:11     | Killed Erica
  7878 | D:11     | Reached XP level 11. HP: 69/69 MP: 11/11
  8334 | D:11     | Killed an ice dragon
  8664 | D:12     | Noticed a two-headed ogre
  8671 | D:12     | Killed a two-headed ogre
  8743 | D:12     | Mangled by a very large slime creature

Skill      XL: |  1  2  3  4  5  6  7  8  9 10 11 |
---------------+----------------------------------+-----
Axes           | 3 4 5 6 7 |  7.9
Dodging        | 2 3 4 5 6 7 |  7.0
Armour         | 3 4 5 6 7 8 9 |  9.2
Fighting       | 4 5 6 7 8 9 |  9.5
Stealth        | 1 2 3 5 6 8 9 |  9.2

Action                   |  1- 3 |  4- 6 |  7- 9 | 10-12 || total
-------------------------+-------+-------+-------+-------++-------
Melee: Hand axe          |   105 |   115 |       |       ||   220
       War axe           |       |    20 |   499 |   248 ||   767
       Battleaxe         |       |       |       |    98 ||    98
Invok: Berserk           |       |     2 |     6 |     5 ||    13
       Trog's Hand       |       |       |     1 |       ||     1
  Use: Scroll            |       |       |    20 |    12 ||    32
       Potion            |       |       |       |     1 ||     1
  Eat: Chunk             |       |     4 |    19 |     9 ||    32
       Ration            |       |       |       |     2 ||     2
Armor: Animal skin       |    44 |       |       |       ||    44
       Plate armour      |    36 |   105 |   499 |   247 ||   887
Dodge: Dodged            |    77 |    46 |   436 |   382 ||   941
